 Dungeon Crawl Stone Soup version 0.17-a0-288-gaf424a4 (webtiles) character file.

240 Kolbur the Slasher (level 5, 0/34 HPs)
             Began as a High Elf Skald on Mar 31, 2015.
             Succumbed to Ijyb's poison
             ... on level 2 of the Dungeon.
             The game lasted 01:01:08 (2526 turns).

Kolbur the Slasher (High Elf Skald)                 Turns: 2526, Time: 01:01:08

Health: 0/34       AC:  1    Str: 17    XL:     5   Next: 79%
Magic:  1/8        EV: 12    Int: 15    God:
Gold:   130        SH:  0    Dex: 15    Spells: 4 memorised, 0 levels left

rFire  . . .     SeeInvis .     b - +0 dagger (speed)
rCold  . . .     Clarity  .     (no armour)
rNeg   . . .     SustAb   .     (no shield)
rPois  .         Gourm    .     (no helmet)
rElec  .         Spirit   .     (no cloak)
rCorr  .         Warding  .     (no gloves)
rMut   .         Stasis   .     w - +0 pair of boots
MR     .....                    (no amulet)
Stlth  +.........               (no ring)
                                (no ring)

@: mighty, lethally poisoned (0 -> -15), very slightly contaminated, invisible,
not resistant to hostile enchantments, very unstealthy
A: no striking features
a: no special abilities


You were on level 2 of the Dungeon.
You were not hungry.

You visited 1 branch of the dungeon, and saw 4 of its levels.

You collected 130 gold pieces.

Inventory:

Hand weapons
 a - a +0 falchion
 b - a +0 dagger of speed (weapon)
 g - a +0 rapier
 p - a +0 dagger
 q - a +0 trident of flaming
Missiles
 j - 101 stones (quivered)
 n - 27 arrows
 v - 9 poisoned needles
Armour
 e - a +0 ring mail
 l - a +0 leather armour
 w - a +0 pair of boots (worn)
Scrolls
 f - 3 scrolls of teleportation {unknown}
 h - a scroll of random uselessness {unknown}
 i - a scroll of blinking {unknown}
 k - 2 scrolls of recharging {unknown}
 m - a scroll of fear {unknown}
 s - 2 scrolls of remove curse {unknown}
Potions
 u - a potion of might
Books
 c - a book of Battle

   Spells                             Type                      Level
   a - Infusion                       Charms                       1
   b - Shroud of Golubria             Charms/Translocation         2
   c - Song of Slaying                Charms                       2
   d - Spectral Weapon                Hexes/Charms                 3
   e - Regeneration                   Charms/Necromancy            3
Comestibles
 d - a bread ration
 t - 4 chunks of flesh


   Skills:
 - Level 2.0 Fighting
 * Level 6.1 Long Blades
 - Level 0.8 Armour
 - Level 1.7 Dodging
 - Level 2.5 Spellcasting
 - Level 5.0 Charms
 + Level 0.0 Necromancy
 - Level 1.2 Translocations


You couldn't memorise any spells.
You knew the following spells:

 Your Spells              Type           Power        Failure   Level  Hunger
a - Infusion              Chrm           ###...       2%          1    #......
o - Shroud of Golubria    Chrm/Tloc      ##........   12%         2    ###....
r - Regeneration          Chrm/Necr      #.........   24%         3    ###....
w - Spectral Weapon       Hex/Chrm       #.......     24%         3    ###....


Dungeon Overview and Level Annotations

Branches:
Dungeon (4/15)
 Temple: D:4-7

Altars:


Message History

You feel very unstealthy.
Unknown command.
* * * LOW HITPOINT WARNING * * *
You feel sick.
* * * LOW HITPOINT WARNING * * *
You feel sick.
You are alive.
You are mighty.
You are lethally poisoned (6 -> -13).
You are very lightly contaminated with residual magic.
You are invisible.
Your movement speed is average.
Your attack speed is quite fast.
You are not resistant to hostile enchantments.
You feel very unstealthy.
Unknown command.
* * * LOW HITPOINT WARNING * * *
You feel sick.
* * * LOW HITPOINT WARNING * * *
You feel sick.
* * * LOW HITPOINT WARNING * * *
You feel sick.
You die...

#####
####...# ##.
#g..# #.
#######...#
##
#.........#
######
#.....÷...#
#.....
#.........#
#.....
#......####
#.....
#.)....#
#.....
#@.....#
#.....
#).....#
#.....
#####......#
######
#.......####
#.#######
##########
#......#
.........#
#....[.#
########.#
#..÷...# #.#
#......#


There were no monsters in sight!

Vanquished Creatures
  A giant frog (D:2)
  Ijyb (D:2)
  An orc wizard (D:3)
  Natasha (D:2)
  3 adders
  3 worms
  A giant mite (D:2)
  A giant gecko (D:3)
  An ooze (D:1)
  2 orcs (D:3)
  6 hobgoblins
  6 kobolds
  4 bats
  A giant cockroach (D:2)
  2 giant newts
  7 goblins
  9 jackals
  8 rats
58 creatures vanquished.

Notes
Turn   | Place    | Note
--------------------------------------------------------------
     0 | D:1      | Kolbur, the High Elf Skald, began the quest for the Orb.
     0 | D:1      | Reached XP level 1. HP: 14/14 MP: 3/3
   369 | D:1      | Reached XP level 2. HP: 9/19 MP: 4/4
   805 | D:2      | Reached skill level 4 in Charms
   809 | D:2      | Learned a level 2 spell: Shroud of Golubria
   845 | D:2      | Noticed a giant frog
  1308 | D:3      | Reached XP level 3. HP: 24/24 MP: 0/5
  1387 | D:3      | Learned a level 3 spell: Regeneration
  1448 | D:2      | Noticed Natasha
  1784 | D:3      | Reached XP level 4. HP: 19/29 MP: 0/7
  2045 | D:2      | Killed Natasha
  2045 | D:2      | Reached skill level 5 in Long Blades
  2315 | D:2      | Reached XP level 5. HP: 25/34 MP: 4/8
  2358 | D:2      | Learned a level 3 spell: Spectral Weapon
  2406 | D:2      | Killed a giant frog
  2473 | D:2      | Noticed Ijyb
  2513 | D:2      | Killed Ijyb
  2513 | D:2      | Reached skill level 6 in Long Blades
  2513 | D:2      | Reached skill level 5 in Charms
  2513 | D:2      | Reached skill level 1 in Translocations
  2525 | D:2      | HP: 1/34 [poisoned by Ijyb]
  2526 | D:2      | Succumbed to Ijyb's poison

Action                   |  1- 3 |  4- 6 || total
-------------------------+-------+-------++-------
Melee: Falchion          |    35 |       ||    35
       Dagger            |   136 |   116 ||   252
Throw: Stone             |    52 |    22 ||    74
 Cast: Infusion          |    12 |     6 ||    18
       Shroud of Golubri |     3 |     2 ||     5
  Use: Potion            |       |     5 ||     5
  Eat: Chunk             |     3 |     3 ||     6
